 Dungeon Sprint DCSS version 0.16.2-12-gd0ad4c3 (webtiles) character file.

186 Arkorax the Conjurer (level 5, -1/39 HPs)
             Began as a High Elf Conjurer on Dec 20, 2015.
             Was an Initiate of Qazlal.
             Slain by a Shadow Fiend (8 damage)
             ... summoned by a deep elf demonologist
             ... in the Dungeon (Sprint V: "Ziggurat Sprint").
             The game lasted 00:01:54 (297 turns).

Arkorax the Conjurer (High Elf Conjurer)             Turns: 297, Time: 00:01:55

Health: -1/39      AC: 31    Str:  8    XL:     5   Next: 38%
Magic:  16/16      EV: -4    Int: 18    God:    Qazlal [......]
Gold:   0          SH: 12    Dex: 16    Spells: 1 memorised, 11 levels left

rFire  + . .     SeeInvis .     k - +8 lance "Wyrmbane" {slay drac, +Rage rPois rF+ AC+5}
rCold  . . .     Clarity  .     a - +15 Maxwell's patent armour {-Cast -Tele rElec MR+ rCorr} (curse)
rNeg   . . .     SustAb   .     E - +3 large shield
rPois  +         Gourm    .     (no helmet)
rElec  +         Spirit   .     (no cloak)
rCorr  +         Warding  .     (no gloves)
rMut   .         NoTele   +     (no boots)
MR     +....     NoCast   +     (no amulet)
Stlth  ..........               (no ring)
                                (no ring)

@: drained, somewhat resistant to hostile enchantments, extremely unstealthy
A: no striking features
a: Renounce Religion, Evoke Berserk Rage


You were in the Dungeon.
You worshipped Qazlal.
Qazlal was noncommittal.
You were not hungry.

You visited 1 branch

Inventory:

Hand weapons
 j - the +7 Singing Sword
   (You found it in the Dungeon)
 k - the +8 lance "Wyrmbane" (weapon) {slay drac, +Rage rPois rF+ AC+5}
   (You found it in the Dungeon)

   It affects your AC (+5).
   It protects you from fire.
   It protects you from poison.
   It lets you go berserk.
Armour
 a - the cursed +15 Maxwell's patent armour (worn) {-Cast -Tele rElec MR+ rCorr}
   (You found it in the Dungeon)

   It insulates you from electricity.
   It affects your resistance to hostile enchantments.
   It prevents spellcasting.
   It prevents most forms of teleportation.
   It protects you from acid and corrosion.
   It has a curse placed upon it.
 E - a +3 large shield (worn)
Jewellery
 l - a +6 ring of dexterity
 m - a +6 ring of dexterity
 n - a +6 ring of intelligence
 o - a +6 ring of intelligence
 p - a +6 ring of strength
 q - a +6 ring of strength
Magical devices
 H - a wand of disintegration (7)
 I - a wand of fire (5)
 J - a wand of cold (5)
 K - a wand of draining (5)
Scrolls
 i - 4 scrolls of blinking
 t - 4 scrolls of amnesia
 u - 3 scrolls of recharging
 v - 7 scrolls of fog
 w - a scroll of holy word
 x - 5 scrolls of identify
 y - 5 scrolls of remove curse
 z - 2 scrolls of fear
Potions
 d - 10 potions of curing
 e - 10 potions of heal wounds
 f - 6 potions of haste
 g - 7 potions of magic
 h - 3 potions of berserk rage
 A - 2 potions of brilliance
 B - 2 potions of invisibility
 C - 2 potions of restore abilities
 D - 4 potions of resistance
 F - 5 potions of agility
 G - 5 potions of might
Books
 c - a book of Conjurations

   Spells                             Type                      Level
   a - Magic Dart                     Conjuration                  1
   b - Searing Ray                    Conjuration                  2
   c - Dazzling Spray                 Conjuration/Hexes            3
   d - Fulminant Prism                Conjuration/Hexes            4
   e - Iskenderun's Mystic Blast      Conjuration                  4
   f - Iskenderun's Battlesphere      Conjuration/Charms           5
Miscellaneous
 L - a disc of storms
Comestibles
 b - 5 bread rations
 r - 42 fruits
 s - 4 meat rations


   Skills:
 + Level 5.2(4.7) Fighting
 - Level 2.5(2.0) Polearms
 + Level 4.7(4.2) Armour
 - Level 2.1(1.7) Dodging
 - Level 4.4(3.9) Stealth
 + Level 4.3(3.8) Unarmed Combat
 - Level 4.3(3.8) Spellcasting
 - Level 5.6(5.1) Conjurations
 - Level 3.2(2.8) Evocations


You had 11 spell levels left.
You knew the following spells:

 Your Spells              Type           Power        Failure   Level  Hunger
a - Magic Dart            Conj           ###.         100%        1    None


Dungeon Overview and Level Annotations

Branches:
Dungeon (1/1)

Altars:
Ashenzari
Cheibriados
Dithmenos
Elyvilon
Fedhas
Gozag
Kikubaaqudgha
Makhleb
Nemelex Xobeh
Okawaru
Qazlal
Ru
Sif Muna
Trog
Vehumet
Xom
Yredelemnul
Zin
The Shining One
Beogh
Jiyva
Lugonu


Message History

You writhe in agony.
* * * LOW HITPOINT WARNING * * *
You block the Shadow Fiend's attack.
The Shadow Fiend hits you but does no damage.
The deep elf knight hits you but does no damage.
The deep elf demonologist hits you but does no damage.
You hit the deep elf demonologist.
The deep elf demonologist is lightly wounded.
You block the redback's attack.
The Shadow Fiend calls on the powers of darkness!
The redback convulses!
Your body is wracked with pain!
* * * LOW HITPOINT WARNING * * *
The redback convulses!
The deep elf knight convulses!
The deep elf summoner convulses!
The deep elf demonologist convulses!
You block the deep elf summoner's attack.
The deep elf knight casts a spell.
The deep elf knight seems to move somewhat quicker.
The deep elf demonologist hits you but does no damage.
The redback completely misses you. The Shadow Fiend hits you!
You die...

▓▓▓▓▓▓▓▓▓▓▓▓▓
▓.8©8.▓.8©8.▓
▓.))).▓.....▓
▓.....▓.).|.▓
▓ee...▓.†...▓
▓@1s..▓.....▓
▓es...▓.....▓
▓.....▓▓▓▓▓▓▓
▓▓▓▓▓▓▓


You could see a Shadow Fiend, a deep elf demonologist, a deep elf knight, a deep
elf summoner and 2 redbacks.

Vanquished Creatures
  2 black bears (D)
2 creatures vanquished.

Notes
Turn   | Place    | Note
--------------------------------------------------------------
     0 | D        | Arkorax, the High Elf Conjurer, began the quest for the Orb.
     0 | D        | Reached XP level 1. HP: 11/11 MP: 4/4
     0 | D        | Found a basalt altar of Yredelemnul.
     0 | D        | Found an iron altar of Okawaru.
    14 | D        | Found a radiant altar of Vehumet.
    14 | D        | Found a shimmering altar of Xom.
    16 | D        | Found a burning altar of Makhleb.
    24 | D        | Found a deep blue altar of Sif Muna.
    25 | D        | Found a sparkling altar of Nemelex Xobeh.
    26 | D        | Found a white marble altar of Elyvilon.
    26 | D        | Found a bloodstained altar of Trog.
    26 | D        | Found a corrupted altar of Lugonu.
    47 | D        | Found a viscous altar of Jiyva.
    59 | D        | Reached skill level 5 in Conjurations
    59 | D        | Reached XP level 2. HP: 17/17 MP: 5/8
    70 | D        | Became a worshipper of Qazlal Stormbringer
   100 | D        | Entered arena 1.
   100 | D        | Noticed a black bear
   100 | D        | Noticed a black bear
   107 | D        | Killed a black bear
   107 | D        | Reached XP level 3. HP: 19/27 MP: 11/11
   107 | D        | Reached XP level 4. HP: 23/33 MP: 14/14
   114 | D        | Killed a black bear
   114 | D        | Reached skill level 5 in Fighting
   114 | D        | Reached XP level 5. HP: 15/39 MP: 16/16
   292 | D        | Entered arena 2.
   292 | D        | Noticed a deep elf demonologist
   292 | D        | Noticed a deep elf summoner
   292 | D        | Noticed a deep elf knight
   293 | D        | Noticed a Shadow Fiend
   296 | D        | Noticed a redback
   296 | D        | Noticed a redback
   297 | D        | Slain by a Shadow Fiend

Action                   |  1- 3 |  4- 6 || total
-------------------------+-------+-------++-------
Melee: Lance             |     6 |    10 ||    16
  Use: Potion            |     1 |       ||     1
